AoeStats
← MZTK | GaboxNet .i.

MegaRandom

510176550Analyzed
3v3 RM · 2d ago on Sep 29, 2026· 79m 31s· 6 players
Game mode
Random Map
Map size
Normal (6 player)
Population
200
Speed
Normal
Resources
Standard
Victory
Conquest
Starting age
Dark Age
Ending age
Imperial Age
RankedLock teamsTeams togetherTeam positionsShared explorationLock speedFull tech treeHidden civsTurbo modeCheats
Victory
Defeat
🇲🇽 Saxons · Mexico
1287
+13
🇲🇽 Danes · Mexico
1229
+15
🇲🇽 Italians · Mexico
1217
+15
🇫🇷 Mongols · France
1225
-15
🇫🇷 Byzantines · France
1209
-14
🇫🇷 Lithuanians · France
1189
-14
BaBaR
5:36 Loom
10:55 Feudal Age
14:58 Castle Age
13:04 Double-Bit Axe
15:59 Bow Saw
16:35 Scale Barding Armor
17:45 Bloodlines
17:30 Horse Collar
24:57 Wheelbarrow
29:44 Hand Cart
32:30 Imperial Age
30:32 Gold Mining
30:47 Heavy Plow
31:13 Fletching
31:19 Stone Mining
31:53 Bodkin Arrow
33:02 Padded Archer Armor
33:29 Ballistics
33:50 Bracer
34:52 Chemistry
35:05 Conscription
34:49 Padded Archer Armor
35:13 Thumb Ring
36:10 Elite Mangudai
37:17 Leather Archer Armor
41:50 Drill
43:58 Town Watch
43:39 Capped Ram
44:39 Nomads
44:57 Siege Ram
46:13 Chain Barding Armor
45:59 Husbandry
52:49 Siege Engineers
60:21 Sappers
60:13 Light Cavalry
61:31 Forging
66:09 Iron Casting
65:11 Hussar
69:59 Caravan
72:23 Elite Skirmisher
78:52 Blast Furnace
HAMZA LA DOUANE
5:48 Loom
10:27 Loom
12:24 Feudal Age
15:10 Bloodlines
17:51 Castle Age
16:26 Scale Barding Armor
16:49 Double-Bit Axe
16:47 Horse Collar
18:28 Bloodlines
20:51 Forging
24:07 Iron Casting
26:00 Chain Barding Armor
26:56 Wheelbarrow
28:24 Husbandry
32:05 Town Watch
35:08 Imperial Age
32:53 Hand Cart
33:16 Town Patrol
33:42 Fletching
33:52 Padded Archer Armor
34:21 Elite Skirmisher
35:10 Cavalier
36:29 Plate Barding Armor
36:19 Bodkin Arrow
37:03 Bow Saw
38:23 Chemistry
38:10 Bracer
41:29 Thumb Ring
41:47 Ballistics
41:32 Paladin
43:13 Leather Archer Armor
43:25 Heavy Plow
45:06 Light Cavalry
47:08 Ring Archer Armor
49:11 Winged Hussar
56:12 Crossbowman
63:25 Conscription
66:50 Crop Rotation
66:59 Gold Mining
66:59 Stone Mining
Pitipenix
8:27 Loom
11:32 Feudal Age
15:49 Castle Age
14:55 Fletching
15:27 Double-Bit Axe
19:10 Crossbowman
25:10 Bodkin Arrow
25:38 Ballistics
26:46 Padded Archer Armor
28:04 Wheelbarrow
28:02 Bow Saw
28:13 Gold Mining
30:26 Thumb Ring
30:09 Horse Collar
34:29 Imperial Age
32:14 Elite Skirmisher
32:53 Treadmill Crane
35:18 Hand Cart
35:31 Bracer
35:47 Leather Archer Armor
34:55 Arbalester
37:53 Ring Archer Armor
40:04 Greek Fire
43:20 Chemistry
42:16 Guard Tower
42:11 Arrowslits
43:01 Fervor
43:49 Conscription
45:15 Keep
44:58 Squires
44:45 Arson
45:18 Logistica
45:49 Scale Mail Armor
45:59 Forging
46:23 Elite Varangian Guard
47:11 Atonement
48:38 Chain Mail Armor
48:59 Iron Casting
57:14 Plate Mail Armor
61:38 Elite Cataphract
62:58 Caravan
64:55 Heavy Plow
65:58 Two-Man Saw
66:10 Scale Barding Armor
67:39 Hoardings
75:06 Pikeman
75:46 Halberdier
78:05 Chain Barding Armor
79:25 Coinage
79:06 Guilds
rakz
8:46 Loom
10:37 Feudal Age
11:37 Horse Collar
11:45 Double-Bit Axe
19:21 Castle Age
18:32 Forging
18:53 Gold Mining
18:54 Stone Mining
21:39 Stone Shaft Mining
23:19 Bow Saw
23:14 Heavy Plow
24:44 Scale Mail Armor
28:29 Wheelbarrow
29:21 Chain Mail Armor
37:04 Imperial Age
36:05 Gold Shaft Mining
34:58 Hamask
36:55 Iron Casting
37:36 Scale Barding Armor
38:59 Conscription
38:28 Northmen's Fury
39:40 Hand Cart
40:29 Blast Furnace
39:59 Plate Mail Armor
38:59 Elite Varangian Guard
39:24 Arson
41:46 Conscription
41:53 Town Watch
43:00 Hoardings
42:33 Onager
44:03 Ballistics
43:15 Onager
45:18 Town Patrol
45:19 Siege Onager
53:26 Chain Barding Armor
55:45 Elite Jomsviking
61:45 Squires
61:06 Pikeman
61:31 Gambesons
61:07 Man-at-Arms
62:03 Halberdier
62:03 Long Swordsman
64:04 Chemistry
62:56 Heated Shot
62:33 Light Cavalry
63:14 Husbandry
63:48 Caravan
63:25 Capped Ram
64:23 Bloodlines
64:03 Heavy Scorpion
65:26 Siege Ram
66:06 Two-Handed Swordsman
67:20 Coinage
67:01 Champion
74:29 Banking
MZTK | GaboxNet .i.
7:41 Loom
10:06 Feudal Age
14:09 Double-Bit Axe
20:30 Castle Age
18:52 Horse Collar
23:30 Wheelbarrow
23:50 Bow Saw
25:02 Heavy Plow
25:31 Fletching
27:36 Bodkin Arrow
29:22 Padded Archer Armor
32:56 Imperial Age
31:07 Hand Cart
32:12 Ballistics
32:09 Leather Archer Armor
33:24 Gold Mining
33:05 Elite Genoese Crossbowman
34:59 Chemistry
34:00 Bracer
34:31 Ring Archer Armor
34:52 Conscription
37:22 Scale Barding Armor
37:27 Forging
37:46 Onager
40:30 Town Watch
42:42 Chain Barding Armor
43:18 Coinage
44:05 Iron Casting
44:05 Plate Barding Armor
44:32 Hoardings
44:11 Masonry
44:22 Bombard Tower
52:29 Husbandry
52:39 Bloodlines
51:50 Light Cavalry
54:32 Hussar
57:28 Blast Furnace
57:30 Caravan
60:01 Fortified Wall
60:21 Architecture
61:52 Scale Mail Armor
63:21 Squires
63:07 Arson
67:27 Arrowslits
73:48 Chain Mail Armor
MZTK l ROD
5:10 Loom
9:53 Feudal Age
10:56 Double-Bit Axe
12:56 Town Watch
17:20 Horse Collar
24:25 Castle Age
22:44 Fletching
24:05 Scale Mail Armor
24:16 Forging
24:50 Gold Mining
24:33 Crossbowman
25:25 Squires
26:26 Bodkin Arrow
26:25 Gambesons
27:57 Town Patrol
30:03 Wheelbarrow
33:01 Ballistics
33:21 Heavy Plow
34:19 Hand Cart
35:43 Thumb Ring
39:40 Imperial Age
38:23 Padded Archer Armor
38:37 Elite Skirmisher
39:35 Leather Archer Armor
39:56 Iron Casting
40:37 Arbalester
40:42 Cranequins
41:28 Bracer
41:58 Ring Archer Armor
42:09 Heavy Mounted Crossbowman
44:00 Gold Shaft Mining
44:02 Iron Casting
43:43 Chain Mail Armor
44:35 Stone Mining
45:46 Murder Holes
46:02 Fortified Wall
47:00 Chemistry
47:45 Crop Rotation
47:59 Chain Mail Armor
48:29 Conscription
49:59 Elite Varangian Guard
50:25 Arson
51:13 Plate Mail Armor
56:13 Shield Wall
58:44 Pikeman
60:07 Halberdier
61:25 Bow Saw
63:36 Coinage
63:57 Caravan
72:48 Scale Barding Armor
Connection lost

Rejoining the realm…

Still unreachable

The connection could not be restored.

Session expired

The server has moved on; the page needs a fresh start.